 Dungeon Crawl Stone Soup version 0.21-a0-140-g479285b (webtiles) character file.

17968 Gorglomux the Markscentaur (level 12, 0/106 HPs)
             Began as a Centaur Wanderer on July 19, 2017.
             Was a High Priest of Okawaru.
             Slain by a torpor snail (12 damage)
             ... on level 2 of the Lair of Beasts.
             The game lasted 00:41:11 (14859 turns).

Gorglomux the Markscentaur (Centaur Wanderer)      Turns: 14859, Time: 00:41:12

Health: 0/106      AC: 15    Str: 18    XL:     12   Next: 23%
Magic:  11/12      EV:  5    Int: 12    God:    Okawaru [*****.]
Gold:   759        SH:  0    Dex: 10    Spells: 11/11 levels left

rFire    . . .     SeeInvis +   a - +8 mithril axe "Arga" {speed, MR+}
rCold    . . .     Gourm    .   (no shield)
rNeg     . . .     Faith    .   q - +0 plate armour
rPois    +         Spirit   .   C - +0 helmet
rElec    .         Reflect  .   i - +1 cloak {rPois} {god gift}
rCorr    .         Harm     .   L - +0 pair of gloves
MR       ++...                  (no barding)
Stlth    ..........             r - amulet of regeneration
HPRegen  0.67/turn              m - ring of protection from magic
MPRegen  0.13/turn              s - ring of see invisible

@: lethally poisoned (0 -> 0), heroism, slowed
A: hooves 3, deformed body, speed 2, tough skin 3
a: Heroism, Finesse, Renounce Religion


You were on level 2 of the Lair of Beasts.
You worshipped Okawaru.
Okawaru was extremely pleased with you.
You were not hungry.

You visited 2 branches of the dungeon, and saw 13 of its levels.
You also visited: Ossuary and Bailey.

You collected 759 gold pieces.

Inventory:

Hand Weapons
 a - the +8 mithril axe "Arga" (weapon) {speed, MR+}
   (You found it on level 8 of the Dungeon)

   Attacks with this weapon are significantly faster.
   It affects your resistance to hostile enchantments.
 b - a +0 shortbow
 x - a +3 blowgun
Missiles
 w - 310 arrows
 B - 65 poisoned needles
 J - a curare-tipped needle
Armour
 i - a +1 cloak of poison resistance (worn) {god gift}
 q - a +0 plate armour (worn)
 C - a +0 helmet (worn)
 L - a +0 pair of gloves (worn)
Jewellery
 l - an uncursed ring of flight
 m - a ring of protection from magic (left hand)
 r - an amulet of regeneration (around neck)
 s - a ring of see invisible (right hand)
Wands
 I - a wand of iceblast (0/15)
 K - a wand of iceblast (11/15)
 O - a wand of clouds (4/9)
 S - a wand of scattershot (4/9)
Scrolls
 n - a scroll of enchant armour {unknown}
 o - 3 scrolls of remove curse
 p - 2 scrolls of immolation {unknown}
 v - a scroll of acquirement {unknown}
 D - 2 scrolls of fog
 E - 3 scrolls of enchant weapon
 G - 2 scrolls of recharging
 M - 3 scrolls of magic mapping
 R - 2 scrolls of identify
 T - 4 scrolls of teleportation
 V - 2 scrolls of noise {unknown}
 Y - a scroll of summoning {unknown}
 Z - a scroll of silence {unknown}
Potions
 k - a potion of flight {unknown}
 u - 6 potions of mutation {!q}
 y - a potion of berserk rage
 A - 2 potions of lignification
 F - 2 potions of cancellation
 H - 2 potions of heal wounds {unknown}
 N - 4 potions of haste
 P - a potion of agility {unknown}
 Q - 3 potions of curing
 U - a potion of invisibility
 X - 2 potions of might {unknown}
Books
 d - the Almanac of Cold

   Spells                             Type                      Level
   a - Freeze                         Ice                          1
   b - Ozocubu's Armour               Charms/Ice                   3
Comestibles
 f - 7 bread rations
 t - 6 fruits
 z - 6 meat rations
 W - 10 royal jellies


   Skills:
 + Level 10.0(15.0) Fighting
 - Level 4.1(12.7) Axes
   Level 10.2(15.5) Polearms
 + Level 16.0(21.0) Bows
 - Level 2.2(7.2) Throwing
 - Level 1.3(6.3) Armour
   Level 1.7 Ice Magic
   Level 1.0 Poison Magic


You had 11 spell levels left.
You didn't know any spells.

Dungeon Overview and Level Annotations

Branches:
Dungeon (11/15)            Temple (0/1) D:6            Lair (2/6) D:9
    Orc (0/2) D:9
  Swamp: Lair:2-4    Shoals: Lair:2-4     Snake: Lair:2-4    Spider: Lair:2-4

Altars:
Dithmenos
Elyvilon
Fedhas
Gozag
Kikubaaqudgha
Makhleb
Okawaru
Trog
Xom
The Shining One
Beogh

Shops:
D:11 [


Innate Abilities, Weirdness & Mutations

You have hooves in place of feet.
Armour fits poorly on your strangely shaped body.
You cover ground very quickly.
You have extremely tough skin. (AC +3)


Message History

Unknown command!
You slice the dream sheep like a ripe choko!
Your kick misses the dream sheep!
The dream sheep is heavily wounded!
You slice the torpor snail like a ripe choko!
You feel sick!
The torpor snail bites you!!! * * * don't die
* * * Unknown command!
You cut the dream sheep into ribbons!!!
The dream sheep is almost dead!
You chop the torpor snail into pieces!
The dream sheep bites you but does no damage!
Unknown command!
You cut the dream sheep into ribbons!!!
You annihilate the dream sheep!!!
Okawaru roars: ANNIHILATED!
Your base Fighting skill increases to level 10!!!
You cut the torpor snail into butts!
You feel sick!
The torpor snail bites butt!!! butt

....... Y.....# Y.....#
# .Y..... #. ### ......#
..##P.##.####### ......#
#......<.....#†##.......
###...#####..@wY.......#
#.. #####.#......# #.
####P...## # #P.## P.#
.# #


You could see a torpor snail and a dream sheep.

Vanquished Creatures
  2 two-headed ogres
  The ghost of Dominolapin the Quickloader, a journeyman GrBe of Trog (D:9)
  The ghost of no0bjke the Cleaver, a novice GrFi of Okawaru (D:8)
  Pikel (D:4)
  An ugly thing (D:11)
  A black mamba (Lair:2)
  A gargoyle (D:11)
  A rime drake (Lair:1)
  A komodo dragon (Lair:1)
  3 trolls
  A hippogriff (D:10)
  2 dream sheep (Lair:2)
  A vampire (D:11)
  A wyvern (D:9)
  9 yaks
  2 wraiths
  Eustachio (D:6)
  4 hogs (D:7)
  A steam dragon (D:10)
  A human (D:7)
  A hungry ghost (D:7)
  Menkaure (D:4)
  A basilisk (Lair:1)
  3 wargs (D:9)
  An acid dragon (D:11)
  5 water moccasins
  4 porcupines (Lair:1)
  Duvessa (D:6)
  A slave (D:4)
  A black bear (D:8)
  10 orc warriors
  5 ice beasts
  4 sky beasts
  2 phantoms
  5 ogres
  4 wolves (Lair:1)
  15 centaurs
  7 crocodiles
  A big kobold (D:7)
  11 bullfrogs
  Dowan (D:6)
  2 howler monkeys (D:11)
  4 crimson imps
  A bullfrog zombie (D:8)
  2 centaur zombies
  2 jellies
  7 hounds
  10 orc priests
  14 orc wizards
  A gnoll shaman (D:10)
  Jessica (D:2)
  Natasha (thrice) (D:4 D:6)
  A bullfrog skeleton (D:7)
  7 worker ants
  Terence (D:2)
  6 iguanas
  6 big kobold zombies (Ossuary)
  A hound zombie (D:8)
  A hound skeleton (D:9)
  A mummy (Ossuary)
  A howler monkey skeleton (D:10)
  14 gnolls
  17 adders
  6 shadow imps
  An adder skeleton (D:8)
  3 worms
  3 dart slugs
  5 leopard geckos
  29 orcs
  3 spectral bats (Ossuary)
  4 bat simulacra (Ossuary)
  5 giant cockroaches
  8 hobgoblins
  4 jackals (D:1)
  6 quokkas
  A ball python (D:1)
  4 bats
  4 frilled lizards
  6 gnoll zombies (Ossuary)
  17 goblins
  4 goblin simulacra (Ossuary)
  6 goblin zombies (Ossuary)
  4 hobgoblin zombies (Ossuary)
  24 kobolds
  3 kobold simulacra (Ossuary)
  5 kobold zombies (Ossuary)
  3 orc zombies (Ossuary)
  A quokka zombie (D:8)
  7 rats
  2 rat simulacra (Ossuary)
  4 spectral goblins (Ossuary)
  5 spectral kobolds (Ossuary)
  2 spectral rats (Ossuary)
  A butterfly (D:8)
403 creatures vanquished.

Vanquished Creatures (others)
  A slave (D:4)
  An ogre (D:4)
  A plant (Lair:2)
3 creatures vanquished.

Grand Total: 406 creatures vanquished

Notes
Turn   | Place    | Note
-------+----------+-------------------------------------------
     0 | D:1      | Gorglomux the Centaur Wanderer began the quest for the Orb.
     0 | D:1      | Gorglomux set off with: a curare-tipped needle, a +0 ring mail, the Almanac of Cold, a bread ration, a +2 blowgun
     0 | D:1      | Reached XP level 1. HP: 17/17 MP: 1/1
     0 | D:1      | Identified the Almanac of Cold
   233 | D:1      | Reached XP level 2. HP: 25/25 MP: 2/2
   355 | D:1      | Reached skill level 3 in Fighting
   951 | D:1      | Reached XP level 3. HP: 18/31 MP: 3/3
  1271 | D:2      | Noticed Terence
  1311 | D:2      | Killed Terence
  1315 | D:2      | Reached XP level 4. HP: 35/40 MP: 4/4
  1562 | D:2      | Found a bloodstained altar of Trog.
  1780 | D:2      | Noticed Jessica
  1790 | D:2      | Killed Jessica
  2237 | D:3      | Reached XP level 5. HP: 29/48 MP: 5/5
  2817 | D:4      | Reached skill level 6 in Fighting
  2973 | D:4      | Noticed a slave
  2974 | D:4      | Noticed a slave
  2990 | D:4      | Noticed Pikel
  2993 | D:4      | Noticed a slave
  2993 | D:4      | Killed a slave
  2998 | D:4      | Noticed a slave
  3037 | D:4      | Killed Pikel
  3037 | D:4      | Reached XP level 6. HP: 53/62 MP: 6/6
  3037 | D:4      | Reached XP level 7. HP: 59/69 MP: 7/7
  3165 | D:4      | Noticed Menkaure
  3349 | D:4      | Killed Menkaure
  3594 | D:4      | Noticed Natasha
  3607 | D:4      | Killed Natasha
  3607 | D:4      | Reached skill level 9 in Fighting
  3791 | D:5      | Entered Level 5 of the Dungeon
  3973 | D:5      | Reached skill level 1 in Polearms
  4194 | D:5      | Found a white marble altar of Elyvilon.
  4194 | D:5      | Found a glowing golden altar of the Shining One.
  4194 | D:5      | Found an iron altar of Okawaru.
  4194 | D:5      | Found an ancient bone altar of Kikubaaqudgha.
  4200 | D:5      | Found a shadowy altar of Dithmenos.
  4200 | D:5      | Found a burning altar of Makhleb.
  4206 | D:5      | Became a worshipper of Warmaster Okawaru
  4390 | D:5      | Found a sand-covered staircase.
  4410 | D:5      | Found a blossoming altar of Fedhas.
  4440 | Ossuary  | Entered an ossuary
  4844 | Ossuary  | Reached XP level 8. HP: 78/78 MP: 8/8
  5121 | D:5      | Reached skill level 3 in Polearms
  5234 | D:6      | Found a staircase to the Ecumenical Temple.
  5353 | D:6      | Noticed Natasha
  5399 | D:6      | Killed Natasha
  5557 | D:6      | Noticed Natasha
  5564 | D:6      | Killed Natasha
  5573 | D:6      | Reached * piety under Okawaru
  5719 | D:6      | Reached skill level 6 in Polearms
  5750 | D:6      | Noticed Eustachio
  5775 | D:6      | Killed Eustachio
  6136 | D:6      | Noticed Duvessa
  6146 | D:6      | Noticed Dowan
  6151 | D:6      | Killed Duvessa
  6151 | D:6      | Reached XP level 9. HP: 73/83 MP: 9/9
  6155 | D:6      | Killed Dowan
  6330 | D:7      | Reached ** piety under Okawaru
  6756 | D:7      | Paralysed by fainting for 9 turns
  6982 | D:7      | Reached skill level 9 in Polearms
  7004 | D:7      | Reached *** piety under Okawaru
  7660 | D:8      | Reached skill level 2 in Bows
  7827 | D:8      | Found a flagged portal.
  7851 | D:8      | Reached skill level 3 in Bows
  7862 | Bailey   | Entered a bailey
  7913 | Bailey   | Reached skill level 1 in Axes
  7913 | Bailey   | Reached XP level 10. HP: 91/91 MP: 6/10
  7953 | Bailey   | Received a gift from Okawaru
  8294 | D:8      | Reached skill level 3 in Axes
  8449 | D:8      | Found a shimmering altar of Xom.
  8621 | D:8      | Reached skill level 4 in Bows
  8953 | D:9      | Received a gift from Okawaru
  8953 | D:9      | Reached skill level 5 in Bows
  8956 | D:9      | Reached **** piety under Okawaru
  8956 | D:9      | Reached skill level 6 in Bows
  8993 | D:8      | Noticed no0bjke's ghost (novice GrFi)
  9139 | D:8      | Killed no0bjke's ghost
  9139 | D:8      | Reached skill level 7 in Bows
  9372 | D:9      | Found a staircase to the Orcish Mines.
  9385 | D:9      | Found a roughly hewn altar of Beogh.
  9394 | D:9      | Reached skill level 8 in Bows
  9479 | D:9      | Reached skill level 9 in Bows
  9481 | D:9      | Noticed Dominolapin's ghost (journeyman GrBe)
  9487 | D:9      | Noticed a two-headed ogre
  9865 | D:9      | Reached skill level 10 in Bows
  9877 | D:9      | Killed Dominolapin's ghost
  9877 | D:9      | Reached XP level 11. HP: 13/97 MP: 11/11
  9884 | D:9      | Killed a two-headed ogre
  9884 | D:9      | Reached ***** piety under Okawaru
  9884 | D:9      | Received a gift from Okawaru
  9884 | D:9      | Reached skill level 11 in Bows
 10234 | D:9      | Found an opulent altar of Gozag.
 10340 | D:9      | Found a staircase to the Lair.
 10551 | D:10     | Entered Level 10 of the Dungeon
 10750 | D:10     | Reached skill level 12 in Bows
 11099 | D:10     | Reached skill level 13 in Bows
 11761 | D:11     | HP: 4/97 [vampire/vampiric draining (17)]
 11766 | D:11     | HP: 4/97 [poisoned by an adder]
 12062 | D:11     | Found Huugij's Armour Shoppe.
 12183 | D:11     | Noticed a two-headed ogre
 12190 | D:11     | Reached skill level 14 in Bows
 12190 | D:11     | HP: 3/97 [two-headed ogre/giant club (14)]
 12227 | D:11     | HP: 1/97 [centaur/arrow (9)]
 12284 | D:11     | Killed a two-headed ogre
 12592 | D:11     | Noticed a purple ugly thing
 12614 | D:11     | Killed a purple ugly thing
 12831 | D:11     | Reached skill level 15 in Bows
 12954 | D:11     | Received a gift from Okawaru
 13439 | Lair:1   | Entered Level 1 of the Lair of Beasts
 13466 | Lair:1   | Received a gift from Okawaru
 13563 | Lair:1   | Reached XP level 12. HP: 18/105 MP: 9/12
 13566 | Lair:1   | HP: 9/235 [rime drake/flash freeze (10)]
 14843 | Lair:2   | Reached skill level 16 in Bows
 14859 | Lair:2   | Slain by a torpor snail

Vault maps used:
D:1:      co_arrival_two_rings
D:2:      first_bread, minivault_27, bloody_trog, uniq_jessica, uniq_terence
D:4:      uniq_menkaure, uniq_natasha, uniq_pikel
D:5:      minmay_overflow_temple_hex, kennysheep_little_box,
          nicolae_ossuary_entry_false_entrances
D:6:      minmay_temple_entry_statues_fountains, uniq_eustachio, uniq_duvessa
D:7:      grunt_livestock, st_stairs_14
D:8:      xom_butterflies, enter_bailey_2
D:9:      nicolae_gozag_cash_rules_everything_around_me,
          erik_lair_orcish_takeover, minmay_orc_entry_temple_small
D:11:     serial_shops, nicolae_shop_stone, minmay_orc_keep
Lair:2:   minmay_swamp_entry_worms, zaba_anthell
Ossuary:  ossuary_zaba_two_paths
Bailey:   bailey_axe_4, bailey

Skill      XL: |  1  2  3  4  5  6  7  8  9 10 11 12 |
---------------+-------------------------------------+-----
Fighting       | 3 4 5 8 9 10 | 10.0
Polearms       | 2 7 10 | 10.2
Bows           | 3 10 15 16 | 16.0
Axes           | 1 4 |  4.1
Throwing       | |  2.2
Armour         | |  1.3
Ice Magic      | |  1.7
Poison Magic   | |  1.0

Action                   |  1- 3 |  4- 6 |  7- 9 | 10-12 || total
-------------------------+-------+-------+-------+-------++-------
Melee: Unarmed           |    89 |     3 |       |       ||    92
       Kick              |    19 |    23 |   138 |    97 ||   277
       Trident           |       |   127 |   630 |       ||   757
       Broad axe         |       |       |     6 |   396 ||   402
       Punch             |       |       |       |     2 ||     2
 Fire: Blowgun           |    41 |    45 |    74 |       ||   160
       Shortbow          |       |       |     6 |   391 ||   397
Invok: Heroism           |       |       |     1 |    23 ||    24
 Abil: Evoke Flight      |       |       |     1 |       ||     1
Evoke: Wand              |       |       |       |    13 ||    13
  Use: Scroll            |       |     1 |    12 |     8 ||    21
       Potion            |       |       |     2 |     3 ||     5
 Stab: Distracted        |       |       |     1 |       ||     1
  Eat: Chunk             |       |     4 |    18 |    17 ||    39
       Fruit             |       |       |     1 |     1 ||     2
Armor: Ring mail         |    47 |     3 |       |       ||    50
       Chain mail        |       |    95 |   380 |    10 ||   485
       Skin              |       |       |    18 |     3 ||    21
       Plate armour      |       |       |       |   264 ||   264
Dodge: Dodged            |    32 |    34 |   128 |    67 ||   261
